 Dungeon Crawl Stone Soup version 0.30.1-11-g7821555f0a (webtiles) character file.

Game seed: 15317817059745960697

5657 comborobin the Skirmisher (level 10, 0/77 HPs)
             Began as a Minotaur Delver on Nov 16, 2023.
             Was a Believer of Cheibriados.
             Slain by a wyvern (5 damage)
             ... on level 9 of the Dungeon.
             The game lasted 00:12:16 (8648 turns).

comborobin the Skirmisher (Minotaur Delver)         Turns: 8648, Time: 00:12:16

Health: 0/77       AC: 22    Str: 24    XL:     10   Next: 46%
Magic:  9/9        EV:  8    Int: 15    God:    Cheibriados [**....]
Gold:   519        SH:  0    Dex: 25    Spells: 8/9 levels left

rFire   . . .        a - +1 arbalest
rCold   . . .        (shield currently unavailable)
rNeg    + + .        L - +0 plate armour of Ignis's Grace {rElec rN++ Dex+4}
rPois   .            (helmet restricted)
rElec   +            F - +2 cloak
rCorr   .            l - +2 pair of gloves
SInv    .            M - +2 pair of boots "Apraaff" {Dex+2}
Will    +....        o - amulet of regeneration Stlth
                     u - ring of willpower
HPRegen 1.12/turn    r - ring of wizardry
MPRegen 0.11/turn

%: wizardry (x1)
@: very slow
A: horns 2, retaliatory headbutt
a: Renounce Religion, Bend Time


You were on level 9 of the Dungeon.
You worshipped Cheibriados.
Cheibriados was pleased with you.
You visited 2 branches of the dungeon, and saw 10 of its levels.
You also visited: Bailey.

You collected 1260 gold pieces.
You spent 741 gold pieces at shops.

Inventory:

Hand Weapons
 a - a +1 arbalest (weapon)
 h - a +0 flail
 i - the +10 hand axe "Gram" {heavy, SInv}
   (You found it on level 7 of the Dungeon)

   SInv:      It lets you see invisible.
 q - a +3 sling
 w - a +4 dire flail of freezing
 G - a +0 hand axe
Missiles
 x - 18 curare-tipped darts
 y - a throwing net
Armour
 b - a +0 leather armour
 g - the +0 leather armour "Omporal" {rElec rC+ MP+9 Slay-5}
   (You found it in a bailey)

   Slay:      It affects your accuracy & damage with ranged weapons and melee
   (-5).
   rC:        It protects you from cold.
   rElec:     It insulates you from electricity.
   MP:        It affects your magic capacity (+9).
 j - a +0 pair of gloves
 l - a +2 pair of gloves (worn)
 n - a +2 robe of positive energy
 F - a +2 cloak (worn)
 L - the +0 plate armour of Ignis's Grace (worn) {rElec rN++ Dex+4}
   (You bought it in a shop on level 1 of the Dungeon)

   Dex:       It affects your dexterity (+4).
   rElec:     It insulates you from electricity.
   rN:        It greatly protects you from negative energy.
 M - the +2 pair of boots "Apraaff" (worn) {Dex+2}
   (You bought it in a shop on level 1 of the Dungeon)

   Dex:       It affects your dexterity (+2).
Jewellery
 o - an amulet of regeneration (around neck)
 p - an amulet of magic regeneration
 r - a ring of wizardry (right hand)
 u - a ring of willpower (left hand)
 B - a ring of magical power
 C - a ring of positive energy
 J - a ring of protection from cold
Wands
 m - a wand of polymorph (1)
 v - a wand of roots (5)
 H - a wand of digging (7)
 I - a wand of charming (6)
Scrolls
 c - 5 scrolls of fog
 d - 4 scrolls of magic mapping
 k - 2 scrolls of teleportation
 t - 4 scrolls of identify
 D - 3 scrolls of blinking {unknown}
Potions
 f - 2 potions of degeneration
 s - a potion of heal wounds {unknown}
 z - 2 potions of mutation {unknown}
 A - a potion of flight
 E - a potion of magic {unknown}
 K - a potion of might


   Skills:
 - Level 3.6 Fighting
 - Level 4.4(7.6) Axes
 + Level 9.5(10.0) Maces & Flails
 - Level 13.0 Ranged Weapons
 + Level 6.0 Armour
 - Level 2.1 Dodging
 - Level 4.1 Stealth


You had 8 spell levels left.
You knew the following spells:

 Your Spells              Type           Power      Damage    Failure   Level
A - Apportation           Tloc           0%         N/A       82%         1

Your spell library contained the following spells:

 Spells                   Type           Power      Damage    Failure   Level
 Necrotise                Necr           0%         1d4       82%         1
 Sting                    Tmut/Pois      0%         1d3       82%         1
 Summon Small Mammal      Summ           0%         N/A       82%         1
 Poisonous Vapours        Pois/Air       0%         N/A       91%         2
 Static Discharge         Conj/Air       0%         2-2/arc   91%         2
 Airstrike                Air            0%         2d(0-16)  100%        4
 Olgreb's Toxic Radiance  Pois           0%         N/A       100%        4
 Summon Lightning Spire   Summ/Air       0%         N/A       100%        4


Dungeon Overview and Level Annotations

Branches:
Dungeon (9/15)             Temple (1/1) D:7          Bailey (visited)
   Lair: D:8-11         Orc: D:9-12

Altars:
Ashenzari
Cheibriados
Elyvilon
Fedhas
Gozag
Hepliaklqana
Kikubaaqudgha
Makhleb
Nemelex Xobeh
Qazlal
Ru
Sif Muna
Uskayaw
Wu Jian
Xom
Yredelemnul
Zin
The Shining One

Shops:
D:1 [

Annotations:
D:3 2 transporters, leafyfresh's ghost, weakling BaDe


Innate Abilities, Weirdness & Mutations

You have a pair of horns on your head.
You reflexively headbutt those who attack you in melee.


Message History

Your Armour skill increases to level 6!
Unknown command.
The kobold attacks as you move away! The kobold hits you but does no damage.
The wyvern barely misses you. You furiously retaliate!
You headbutt the wyvern!
The wyvern bites you but does no damage.
The wyvern attacks as you move away!
The wyvern bites you but does no damage.
The kobold barely misses you. The wyvern bites you!
The kobold attacks as you move away! The kobold hits you but does no damage.
The wyvern closely misses you. The wyvern barely misses you.
The wyvern attacks as you move away! The wyvern closely misses you. x2
The wyvern bites you. The wyvern bites you.
Your +4 dire flail of freezing stops glowing.
a - a +1 arbalest (weapon)
The wyvern bites you!
* * * LOW HITPOINT WARNING * * *
You are too injured to fight recklessly!
Unknown command.
Fire: a) +1 arbalest
Press: ? - help, Q - select action, (/) - cycle Shift-Dir - straight line, f - wyvern
Aim: a wyvern (moderately wounded, 68% to hit)
You shoot a bolt. The bolt hits the wyvern!
The wyvern is severely wounded.
The wyvern bites you but does no damage.
The wyvern bites you!
* * * LOW HITPOINT WARNING * * *
You feel better.
The wyvern hisses menacingly.
The wyvern bites you!
* * * LOW HITPOINT WARNING * * *
The wyvern bites you but does no damage.
Unknown command.
Okay, then.
Aiming: Charm
Press: ? - help, Shift-Dir - straight line, f/p - wyvern
Aim: a wyvern (severely wounded, chance to affect: 49%)
The wyvern resists with some effort.
The wyvern bites you.
You die...

#........#.# #.#. #
###.#.####.########...
####.###.#.####.##.........
.........#......##.########
#...K..KK#######.#
.....#####KK......<# ...
#K######### . #l# #@#
........# .###.#### #


You could see a wyvern, a kobold brigand and 4 kobolds.

Vanquished Creatures
  Erolcha (D:9)
  Harold (D:9)
  A two-headed ogre (D:9)
  A kobold demonologist (D:9)
  A wyvern (D:8)
  A steam dragon (D:5)
  A water moccasin (D:8)
  An ice beast (D:6)
  3 ogres
  5 orc warriors
  9 kobold brigands
  2 phantoms
  A bullfrog (D:8)
  A gnoll sergeant (D:6)
  2 scorpions
  3 wights (D:7)
  4 killer bees (D:7)
  3 howler monkeys (D:8)
  2 hounds
  4 gnoll boudas
  A jelly (D:6)
  3 orc priests
  7 orc wizards
  Ijyb (D:3)
  A sleepcap (D:6)
  23 gnolls
  6 adders
  2 ufetubi (D:5)
  3 worms
  A dart slug (D:5)
  28 orcs
  5 ball pythons
  2 bat zombies (D:4)
  9 endoplasms
  2 giant cockroaches
  20 goblins
  6 hobgoblins
  4 jackals (D:3)
  24 kobolds
  5 quokkas
  2 bats (D:1)
  9 rats
  2 rat zombies (D:4)
213 creatures vanquished.

Notes
Turn   | Place    | Note
-------+----------+-------------------------------------------
     0 | D:5      | comborobin the Minotaur Delver began the quest for the Orb.
     0 | D:5      | Reached XP level 1. HP: 19/19 MP: 0/0
    97 | D:4      | Reached XP level 2. HP: 20/26 MP: 1/1
   264 | D:4      | Found a glowing silver altar of Zin.
   379 | D:3      | Found a blossoming altar of Fedhas.
   395 | D:3      | Reached XP level 3. HP: 31/31 MP: 2/2
   627 | D:3      | Reached XP level 4. HP: 39/39 MP: 3/3
   637 | D:3      | Noticed an ogre
  2213 | D:1      | Reached skill level 1 in Ranged Weapons
  2328 | D:1      | Found Vosch's Antique Armour Boutique.
  2336 | D:1      | Bought a runed robe for 66 gold pieces
  2603 | D:1      | Found a faded altar of an unknown god.
  2792 | D:2      | Killed an ogre
  2793 | D:2      | Reached skill level 3 in Ranged Weapons
  2793 | D:2      | Reached XP level 5. HP: 16/45 MP: 4/4
  3056 | D:3      | Noticed Ijyb
  3066 | D:3      | Killed Ijyb
  3067 | D:3      | Reached skill level 4 in Ranged Weapons
  3398 | D:3      | Found a transporter.
  3399 | D:3      | Found a transporter.
  3399 | D:3      | Noticed an ogre
  3399 | D:3      | Noticed leafyfresh's ghost (weakling BaDe)
  3400 | D:3      | Identified the +12 giant club of Protecting Quick Death
                  | {heavy, Dex+5}
  3400 | D:3      | Noticed an ogre
  3483 | D:3      | Reached XP level 6. HP: 28/51 MP: 5/5
  3752 | D:3      | Found a stormy altar of Qazlal.
  3937 | D:4      | Found an ancient bone altar of Kikubaaqudgha.
  4026 | D:4      | Reached skill level 5 in Ranged Weapons
  4323 | D:4      | Found an opulent altar of Gozag.
  4440 | D:4      | Found an ornate altar of the Wu Jian Council.
  4612 | D:5      | Reached skill level 6 in Ranged Weapons
  4662 | D:5      | Reached XP level 7. HP: 41/57 MP: 6/6
  4727 | D:5      | Noticed a steam dragon
  4742 | D:5      | Killed a steam dragon
  4743 | D:5      | Reached skill level 7 in Ranged Weapons
  5119 | D:5      | Reached skill level 8 in Ranged Weapons
  5685 | D:6      | Reached XP level 8. HP: 64/64 MP: 7/7
  5766 | D:6      | Reached skill level 9 in Ranged Weapons
  6374 | D:6      | Learned a level 1 spell: Apportation
  6410 | D:7      | Reached skill level 10 in Ranged Weapons
  6485 | D:7      | Found a staircase to the Ecumenical Temple.
  6494 | Temple   | Entered the Ecumenical Temple
  6670 | Temple   | Became a worshipper of Cheibriados the Contemplative
  6807 | D:7      | Found a flagged portal.
  6820 | Bailey   | Entered a bailey
  6859 | Bailey   | Reached * piety under Cheibriados
  6859 | Bailey   | HP: 2/64 [kobold brigand/+0 war axe (7)]
  6860 | Bailey   | Reached skill level 11 in Ranged Weapons
  6971 | Bailey   | Reached XP level 9. HP: 70/70 MP: 8/8
  7024 | Bailey   | Identified the +0 leather armour "Omporal" {rElec rC+ MP+9
                  | Slay-5}
  7115 | Bailey   | Reached skill level 12 in Ranged Weapons
  7302 | Bailey   | Found an iron altar of Okawaru.
  7376 | D:7      | Reached ** piety under Cheibriados
  7505 | D:7      | Reached skill level 13 in Ranged Weapons
  7514 | D:7      | Identified the +10 hand axe "Gram" {heavy, SInv}
  7725 | D:7      | Found a sacrificial altar of Ru.
  7785 | D:8      | Reached skill level 5 in Maces & Flails
  8347 | D:1      | Bought a spiked plate armour for 504 gold pieces
  8347 | D:1      | Identified the +0 plate armour of Ignis's Grace {rElec rN++
                  | Dex+4} (You bought it in a shop on level 1 of the Dungeon)
  8347 | D:1      | Bought a pair of crude boots for 171 gold pieces
  8347 | D:1      | Identified the +2 pair of boots "Apraaff" {Dex+2} (You
                  | bought it in a shop on level 1 of the Dungeon)
  8507 | D:9      | Noticed Erolcha
  8509 | D:9      | Noticed a two-headed ogre
  8514 | D:9      | Killed Erolcha
  8515 | D:9      | Reached XP level 10. HP: 67/77 MP: 9/9
  8518 | D:9      | Killed a two-headed ogre
  8613 | D:9      | Noticed Harold
  8630 | D:9      | Killed Harold
  8631 | D:9      | Reached skill level 5 in Armour
  8646 | D:9      | HP: 3/77 [wyvern (13)]
  8648 | D:9      | Slain by a wyvern

Illustrated notes

Levels and vault maps discovered:
D:1:      heliophobic_arrival_battle_scene, layout_basic, serial_shops, shop,
          shapermc_ecumenical_altar_mp_ritualfount, nicolae_figureground_sparkle
D:2:      layout_rooms, serial_co_window_serial, co_window_paths_b,
          co_window_corner_a, co_window_corner_a, co_window_paths_b,
          co_window_paths_a, co_window_corner_a, co_window_corner_a,
          co_window_of_opportunity_a, co_window_paths_a, co_window_corner_ca,
          co_window_corner_cb, co_window_corner_cb, co_window_4corner_a,
          co_window_paths_e, patterned_corridor
D:3:      cheibrodos_thug_alley, layout_basic, mainiacjoe_overflow_catwalk,
          nicolae_qazlal_eye_of_the_storm, gammafunk_ghost_smash,
          minmay_ogre_servants, uniq_ijyb
D:4:      layout_basic, pdpol_temple_overflow_zin_treasury_gozag_greed,
          lemuel_zombie_altar_kikubaaqudgha, nicolae_wu_jian_immortal_techniques
D:5:      layout_basic
D:6:      nicolae_BIG_FREAKIN_CUBE, layout_loops_ring
D:7:      layout_rooms, nicolae_ru_path_of_blood, minmay_temple_entry_poolview,
          enter_bailey_3
D:8:      layout_layer_cave, uniq_maurice
D:9:      layout_loops_cross, okawaru_altar_gauntlet_db, uniq_harold,
          uniq_erolcha
Temple:   nicolae_temple_bog_church

Skill      XL: |  1  2  3  4  5  6  7  8  9 10 |
---------------+-------------------------------+-----
Maces & Flails | 2 3 4 8 9 |  9.5
Ranged Weapons | 3 4 6 8 11 13 | 13.0
Axes           | 4 |  4.4
Armour         | 3 6 |  6.0
Fighting       | |  3.6
Dodging        | |  2.1
Stealth        | |  4.1

Action                     |  1- 3 |  4- 6 |  7- 9 | 10-12 || total
---------------------------+-------+-------+-------+-------++-------
  Melee: Flail             |    60 |    30 |       |       ||    90
         Hand axe          |     2 |       |    18 |       ||    20
         Headbutt          |    12 |     2 |    12 |    13 ||    39
         Unarmed           |       |     3 |    41 |       ||    44
         Punch             |       |       |     2 |       ||     2
         Sling             |       |       |     1 |       ||     1
         Dire flail        |       |       |    40 |    37 ||    77
   Fire: Sling             |       |   148 |   255 |       ||   403
         Arbalest          |       |       |    65 |     1 ||    66
  Throw: Dart              |       |       |    14 |       ||    14
  Evoke: Wand              |       |       |     6 |     1 ||     7
    Use: Scroll            |     2 |     3 |     8 |       ||    13
         Potion            |     1 |     2 |     8 |     1 ||    12
   Stab: Sleeping          |     2 |     1 |     1 |       ||     4
 Armour: Leather armour    |    24 |    18 |       |       ||    42
         Robe              |       |    26 |    73 |       ||    99
         Skin              |       |       |    48 |       ||    48
         Plate armour      |       |       |       |    24 ||    24
  Dodge: Dodged            |    30 |    55 |   171 |    15 ||   271
